[Event "Team 45 45 League T37"]
[Site "Internet Chess Club"]
[Date "2008.05.04"]
[Round "1"]
[White "clarinetref"]
[Black "gtm"]
[Result "1-0"]
[WhiteElo "1679"]
[BlackElo "1538"]
[Opening "Réti: advance variation"]
[ECO "A09"]
[Time "20:06:49"]
[TimeControl "2700+45"]

1. Nf3 d5 2. c4 d4 3. b4 e6 4. a3 c5 5. bxc5 Bxc5 6. g3 Nf6 7. d3 Nc6 8. Bg2 O-O
9. O-O Qc7 10. Nbd2 Re8 11. Nb3 Qe7 12. Rb1 e5 13. Nxc5 Qxc5 14. Qb3 Bf5 15. Nh4
Bd7 16. Bg5 Nh5 17. Qxb7 f6 18. Qxd7 fxg5 19. Qxc6 Qxc6 20. Bxc6 gxh4 21. Bxa8
Rxa8 22. Rb5 hxg3 23. fxg3 Re8 24. Rf5 Nf6 25. Rfxe5 Rf8 26. Rf5 Re8 27. Rfe5
Rf8 28. h3 Rd8 29. Rb7 Nd5 {Black resigns} 1-0

[Event "Team 45 45 League T37"]
[Site "Internet Chess Club"]
[Date "2008.04.23"]
[Round "1"]
[White "Mutaant"]
[Black "frankd"]
[Result "0-1"]
[WhiteElo "1375"]
[BlackElo "1773"]
[Opening "King's pawn opening"]
[ECO "B07"]
[Time "17:08:31"]
[TimeControl "2700+45"]

1. e4 d6 2. Bc4 Nf6 3. d3 g6 4. Nf3 Bg7 5. O-O O-O 6. Nc3 c5 7. Bg5 Nc6 8. h3 h6
9. Be3 a6 10. a3 b5 11. Ba2 Bb7 12. e5 dxe5 13. Bxc5 Qc7 14. Qe2 Rad8 15. Rfe1
Nh5 16. Qe3 Kh7 17. Bb6 Qd7 18. Bxd8 Rxd8 19. Nh4 e6 20. Ne4 Qe7 21. Nc5 Bc8 22.
Nf3 Nd4 23. Nxe6 Bxe6 24. Bxe6 Nxe6 25. Nxe5 Nd4 26. Rac1 Bxe5 27. Qxe5 Ne6 28.
Rcd1 Nf6 29. d4 Rd5 30. Qe3 Qa7 31. c3 Qb7 32. b3 Rg5 33. f3 Nd5 34. Qe4 Qd7 35.
Rc1 Ndf4 36. g4 Nxh3+ 37. Kg2 Nhf4+ 38. Kg3 Qc7 39. Kf2 Nh3+ 40. Kg2 Nef4+ 41.
Kf1 Ne6 42. Kg2 Nhf4+ 43. Kf2 f5 44. gxf5 gxf5 45. Qe3 Rg2+ 46. Kf1 Rh2 47. c4
Rh1+ 48. Kf2 Nh3+ 49. Ke2 Rh2+ 50. Kd1 Nf2+ 51. Qxf2 Rxf2 52. Rxe6 Rf1+ 53. Re1
Rxe1+ 54. Kxe1 Qg3+ 55. Ke2 Qg2+ 56. Ke3 f4+ 57. Ke4 Qd2 58. Rf1 Qe3+ 59. Kd5
bxc4 60. bxc4 Qxa3 61. c5 Qa5 62. Kd6 Qd8+ 63. Ke5 Qc7+ 64. Kd5 a5 65. Ra1 Kg6
66. Kc4 Kf5 67. Kb5 Qb7+ 68. Kc4 Qb4+ 69. Kd5 Kf6 70. c6 Qb6 71. Rc1 Qc7 72. Kc5
a4 73. Rc4 Qa7+ 74. Kb5 Ke6 75. Rxa4 Qb8+ 76. Kc4 Kd6 77. d5 h5 78. Rb4 Qxb4+
79. Kxb4 h4 80. Kb5 Kc7 81. d6+ Kxd6 82. Kb6 h3 83. Kb7 h2 84. c7 h1=Q 85. c8=Q
Qb1+ 86. Ka6 Qd3+ 87. Ka5 Qd5+ 88. Kb4 Qd4+ 89. Kb5 Qb2+ 90. Ka4 Qa2+ 91. Kb5
Qb3+ 92. Ka5 Qxf3 93. Qd8+ Ke5 94. Qe7+ Kf5 95. Qf7+ Kg4 96. Qg6+ Kh3 97. Qh7+
Kg2 98. Qg6+ Qg3 99. Qc2+ Kh1 100. Qb1+ Kh2 101. Qh7+ Kg2 102. Qc2+ Qf2 103.
Qg6+ Kf3 104. Qc6+ Ke2 105. Qc2+ Kf1 106. Qb1+ Qe1+ 107. Qxe1+ Kxe1 108. Kb4 f3
109. Kc3 f2 {White resigns} 0-1

[Event "Team 45 45 League T37"]
[Site "Internet Chess Club"]
[Date "2008.04.25"]
[Round "1"]
[White "kevrose07"]
[Black "jakesnake"]
[Result "1-0"]
[WhiteElo "2015"]
[BlackElo "1846"]
[Opening "Sicilian: Taimanov variation"]
[ECO "B46"]
[Time "19:31:36"]
[TimeControl "2700+45"]

1. e4 c5 2. Nc3 e6 3. Nf3 Nc6 4. d4 cxd4 5. Nxd4 a6 6. a4 g6 7. Be3 Bg7 8. f3
Nge7 9. Qd2 h6 10. O-O-O Qc7 11. h4 b6 12. h5 g5 13. Be2 Bb7 14. Rhf1 Nxd4 15.
Bxd4 e5 16. Bxb6 Qxb6 17. Qxd7+ Kf8 18. Rd6 Qe3+ 19. Kb1 Bc6 20. Rxc6 Nxc6 21.
Qxc6 Qa7 22. Nd5 Kg8 23. Ne7+ Kh7 24. Qg6+ fxg6 25. hxg6# {Black checkmated} 1-0

[Event "Team 45 45 League T37"]
[Site "Internet Chess Club"]
[Date "2008.04.29"]
[Round "1"]
[White "chess9397"]
[Black "AntonioMendonca"]
[Result "0-1"]
[WhiteElo "1786"]
[BlackElo "1747"]
[Opening "Sicilian: closed, 2...Nc6"]
[ECO "B23"]
[Time "19:07:28"]
[TimeControl "2700+45"]

1. e4 c5 2. Nc3 Nc6 3. Nf3 d6 4. d4 cxd4 5. Nxd4 g6 6. Bc4 Nf6 7. f3 Bg7 8. Be3
O-O 9. O-O Bd7 10. f4 Ng4 11. Nxc6 Nxe3 12. Nxd8 Nxd1 13. Raxd1 Rfxd8 14. Rd3
Rac8 15. Bd5 b5 16. e5 e6 17. Bb7 Rc7 18. Ba6 dxe5 19. Bxb5 exf4 20. Rfd1 Bxc3
21. bxc3 Bxb5 22. Rxd8+ Kg7 23. R8d4 f3 24. gxf3 Rxc3 25. Rb4 a6 26. a4 Be2 27.
Rd2 Bc4 28. Kf2 Kf6 29. Rd4 Rxc2+ 30. Kg3 Bd5 31. Rb6 Rc3 32. Rf4+ Kg7 33. Rxa6
g5 34. Rb4 Rxf3+ 35. Kg4 h6 36. Rd6 f5+ {White resigns} 0-1

[Event "Team 45 45 League T37"]
[Site "Internet Chess Club"]
[Date "2008.04.26"]
[Round "1"]
[White "MPknight"]
[Black "powerchess1"]
[Result "1-0"]
[WhiteElo "1752"]
[BlackElo "1731"]
[Opening "Queen's pawn game"]
[ECO "A46"]
[Time "09:44:00"]
[TimeControl "2700+45"]

1. d4 Nf6 2. Nf3 e6 3. g3 c5 4. Bg2 cxd4 5. Nxd4 Bc5 6. O-O Nc6 7. Nxc6 bxc6 8.
c4 O-O 9. b3 d5 10. Bb2 Re8 11. Nd2 e5 12. cxd5 cxd5 13. Nf3 e4 14. Nd4 Bb7 15.
Qd2 Qb6 16. e3 Nd7 17. Bc3 a5 18. Rfb1 Bb4 19. Bxb4 axb4 20. Nc2 Ne5 21. Qxb4
Qc7 22. Nd4 Ba6 23. Bf1 Bxf1 24. Rxf1 Nd3 25. Qd2 Rec8 26. Rfd1 h6 27. a4 Qc3
28. Qxc3 Rxc3 29. Rdb1 Nb4 30. Rc1 Rd3 31. Rd1 Rc8 32. a5 Ra8 33. Rdc1 Rd2 34.
Rc5 Nd3 35. Rc2 Rxc2 36. Nxc2 Kf8 37. b4 Ke7 38. b5 Kd7 39. Nd4 Nc5 40. Kf1 Kc7
41. Rc1 Kd6 42. a6 Ra7 43. Nf5+ Ke5 44. Rxc5 Kxf5 45. Rxd5+ Ke6 46. Rd4 Ke5 47.
Ke2 f5 48. Kd2 g5 49. Rb4 Kd5 50. b6 Rxa6 51. b7 {Black resigns} 1-0

[Event "Team 45 45 League T37"]
[Site "Internet Chess Club"]
[Date "2008.05.01"]
[Round "1"]
[White "WoadRaider"]
[Black "Mikey29a"]
[Result "0-1"]
[WhiteElo "1567"]
[BlackElo "1807"]
[Opening "Sicilian: Pelikan (Lasker/Sveshnikov) variation"]
[ECO "B33"]
[Time "21:10:59"]
[TimeControl "2700+45"]

1. e4 c5 2. Nf3 Nc6 3. d4 cxd4 4. Nxd4 Nf6 5. Nc3 e5 6. Ndb5 d6 7. Nd5 Nxd5 8.
exd5 Nb8 9. c4 a6 10. Nc3 Be7 11. Bd3 O-O 12. O-O Nd7 13. Be3 f5 14. f3 f4 15.
Bf2 Nf6 16. b4 Ne8 17. a4 Bf5 18. Bxf5 Rxf5 19. Qd3 Rh5 20. Ne4 Bh4 21. Bxh4
Qxh4 22. h3 Nf6 23. Nxf6+ Qxf6 24. Qe2 Qg5 25. Kh1 Rf8 26. Kg1 Rxh3 27. Kf2 Qg3+
28. Kg1 Rf6 29. Rf2 Qh2+ {White resigns} 0-1

[Event "Team 45 45 League T37"]
[Site "Internet Chess Club"]
[Date "2008.04.27"]
[Round "1"]
[White "A-Ru"]
[Black "Fegary"]
[Result "1-0"]
[WhiteElo "1808"]
[BlackElo "2012"]
[Opening "Pirc: classical (two knights) system"]
[ECO "B08"]
[Time "09:18:29"]
[TimeControl "2700+45"]

1. d4 d6 2. Nf3 Nf6 3. Nc3 g6 4. e4 Bg7 5. Be3 O-O 6. Qd2 Ng4 7. Bg5 h6 8. Bh4
g5 9. Bg3 c5 10. dxc5 dxc5 11. Qxd8 Rxd8 12. Nd5 Bxb2 13. Rb1 Rxd5 14. exd5 Bc3+
15. Kd1 f5 16. h3 Nf6 17. Rb3 f4 18. Rxc3 fxg3 19. Re3 gxf2 20. Bc4 Kf8 21. Rf1
g4 22. Ne5 Nbd7 23. Nxd7+ Bxd7 24. d6 e6 25. Bxe6 Re8 26. Rxf2 Kg7 27. Rfe2 Bb5
28. c4 Ba4+ 29. Kc1 h5 30. Bf5 Rd8 31. Re7+ Kf8 32. Be6 Be8 33. Rxb7 Rxd6 34.
Rxa7 Bd7 35. Bxd7 Nxd7 36. Rd2 Ke7 37. Rxd6 Kxd6 38. Rxd7+ Kxd7 39. Kd2 Kc6 40.
hxg4 hxg4 41. Ke3 {Black resigns} 1-0

[Event "Team 45 45 League T37"]
[Site "Internet Chess Club"]
[Date "2008.04.28"]
[Round "1"]
[White "DeepStudy"]
[Black "upsan"]
[Result "1-0"]
[WhiteElo "1967"]
[BlackElo "1816"]
[Opening "French: Tarrasch, Botvinnik variation"]
[ECO "C05"]
[Time "15:15:44"]
[TimeControl "2700+45"]

1. e4 e6 2. d4 d5 3. Nd2 Nf6 4. e5 Nfd7 5. c3 c5 6. Bd3 b6 7. Ne2 Ba6 8. Bxa6
Nxa6 9. O-O Be7 10. Nf3 O-O 11. Qa4 Nc7 12. dxc5 Nxc5 13. Qg4 Re8 14. Rd1 Ne4
15. Nfd4 f5 16. Qh5 g6 17. Qh3 Ng5 18. Bxg5 Bxg5 19. a4 a5 20. Rd3 Qd7 21. Qg3
Be7 22. b3 Bc5 23. Qf4 Rac8 24. Rg3 Qf7 25. Rd1 Bf8 26. h4 h6 27. Qe3 Kh7 28.
Nf4 Be7 29. Rxg6 Rg8 30. h5 Bg5 31. Nde2 Na6 32. Qxb6 Nc5 33. Nxe6 Nxe6 34. Qxe6
Qxe6 35. Rxe6 f4 36. Rxd5 f3 37. gxf3 Rcf8 38. Rd7+ Kh8 39. Kg2 Rd8 40. Rxd8
Bxd8+ 41. Kf1 Kh7 42. f4 Bh4 43. Ra6 Rb8 44. Nd4 Rc8 45. Nf5 {Black resigns} 1-0

[Event "Team 45 45 League T37"]
[Site "Internet Chess Club"]
[Date "2008.04.24"]
[Round "1"]
[White "Marichan"]
[Black "qs16"]
[Result "1/2-1/2"]
[WhiteElo "1701"]
[BlackElo "1767"]
[Opening "Sicilian: Najdorf, Byrne (English) attack"]
[ECO "B90"]
[Time "12:02:08"]
[TimeControl "2700+45"]

1. e4 c5 2. Nf3 d6 3. d4 cxd4 4. Nxd4 Nf6 5. Nc3 a6 6. Be3 e5 7. Nb3 Be6 8. Be2
Be7 9. O-O Nbd7 10. Bf3 Rc8 11. Rc1 O-O 12. Nd5 Nxd5 13. exd5 Bf5 14. c4 Bg5 15.
Qd2 Bxe3 16. fxe3 Bg6 17. e4 Qb6+ 18. Qf2 Qb4 19. Qe2 Qa4 20. Rc3 Nc5 21. Nxc5
Rxc5 22. b3 Qa5 23. Rfc1 Rfc8 24. Bg4 R8c7 25. Rf3 b5 26. h4 h5 27. Bf5 bxc4 28.
bxc4 Re7 29. Bxg6 fxg6 30. Qf2 Qc7 31. Rf8+ Kh7 32. Ra8 Rxc4 33. Rxc4 Qxc4 34.
Qf8 Qc1+ 35. Kf2 Qd2+ 36. Kf3 Qd3+ 37. Kf2 Qd2+ 38. Kf3 Qd3+ 39. Kf2 Qd2+ 40.
Kf3 Qd3+ 41. Kf2 {Game drawn by repetition} 1/2-1/2

[Event "Team 45 45 League T37"]
[Site "Internet Chess Club"]
[Date "2008.04.26"]
[Round "1"]
[White "oldsj"]
[Black "DaveTheRook"]
[Result "0-1"]
[WhiteElo "1541"]
[BlackElo "1687"]
[Opening "King's Indian: 5.Nf3"]
[ECO "E90"]
[Time "18:59:15"]
[TimeControl "2700+45"]

1. e4 g6 2. d4 Bg7 3. c4 d6 4. Nf3 Nf6 5. Nc3 Nbd7 6. Be2 c6 7. O-O O-O 8. Bg5
Re8 9. Qd2 Qc7 10. Rac1 e5 11. d5 c5 12. Bd3 a6 13. a3 Rb8 14. b4 b6 15. Bh6 Nf8
16. bxc5 bxc5 17. Rb1 Bd7 18. Bxg7 Kxg7 19. Nh4 Nh5 20. Be2 Nf4 21. g3 Nh3+ 22.
Kg2 Rxb1 23. Rxb1 Rb8 24. Qc1 Rxb1 25. Qxb1 Qd8 26. Nf3 h6 27. Qb7 Qf6 28. Nd1
Bg4 29. Ng1 Bxe2 30. Nxe2 Ng5 31. Ng1 Nxe4 32. Qxa6 Nh7 33. Nf3 g5 34. h3 h5 35.
Qc8 Nf8 36. Ne3 Ng6 37. Nf5+ Kh7 38. g4 Nf4+ 39. Kh2 Nxf2 40. Kg3 N2xh3 41. gxh5
e4 42. Nh2 Qc3+ 43. Kg4 Qc2 44. Qf8 Qe2+ 45. Kg3 Qg2# {White checkmated} 0-1

[Event "Team 45 45 League T37"]
[Site "Internet Chess Club"]
[Date "2008.04.26"]
[Round "1"]
[White "Silenita"]
[Black "lele"]
[Result "1-0"]
[WhiteElo "1860"]
[BlackElo "1952"]
[Opening "Queen's pawn game"]
[ECO "D00"]
[Time "16:00:49"]
[TimeControl "2700+45"]

1. d4 d5 2. c3 Nf6 3. Bg5 Nbd7 4. Nd2 h6 5. Bh4 e6 6. e3 Be7 7. Bd3 c5 8. f4 b6
9. Qe2 Bb7 10. Ngf3 Ne4 11. Bxe7 Qxe7 12. Bxe4 dxe4 13. Ne5 Nxe5 14. fxe5 cxd4
15. exd4 Qh4+ 16. g3 Qd8 17. Qb5+ Kf8 18. O-O a5 19. Qb3 Qd5 20. Qxb6 e3 21. Nf3
Qe4 22. Rae1 g5 23. c4 g4 24. d5 gxf3 25. Rxe3 Qc2 26. Rexf3 Bxd5 27. Rxf7+ Kg8
28. cxd5 Rh7 29. Qxe6 Qc5+ 30. Kh1 Qc8 31. Qg6+ {Black resigns} 1-0

[Event "Team 45 45 League T37"]
[Site "Internet Chess Club"]
[Date "2008.04.27"]
[Round "1"]
[White "charles-allen"]
[Black "andrew28"]
[Result "1/2-1/2"]
[WhiteElo "1839"]
[BlackElo "1767"]
[Opening "French: exchange variation"]
[ECO "C01"]
[Time "13:23:46"]
[TimeControl "2700+45"]

1. e4 e6 2. d4 d5 3. exd5 exd5 4. c4 Nf6 5. Nc3 c6 6. Bd3 dxc4 7. Bxc4 Bd6 8.
Bg5 O-O 9. Nge2 Re8 10. O-O Bxh2+ 11. Kh1 Bc7 12. Qd2 b5 13. Bd3 Bg4 14. f3 Bh5
15. Rae1 Nbd7 16. Nf4 Bg6 17. Nxg6 hxg6 18. Ne4 Ba5 19. b4 Bc7 20. Re2 Nf8 21.
Nxf6+ gxf6 22. Rxe8 Qxe8 23. Bxf6 Qe6 24. Bg5 Nh7 25. Bf4 Bxf4 26. Qxf4 Re8 27.
a3 Qb3 28. Be4 Qc4 29. Rd1 Qe2 30. Qc1 Nf6 31. Rd2 Qe3 32. Bxc6 Qh6+ 33. Kg1
Qe3+ 34. Kh1 Qh6+ {Game drawn by mutual agreement} 1/2-1/2

[Event "Team 45 45 League T37"]
[Site "Internet Chess Club"]
[Date "2008.04.27"]
[Round "1"]
[White "ARMAND01968"]
[Black "GrandPoobah069"]
[Result "1-0"]
[WhiteElo "1812"]
[BlackElo "1658"]
[Opening "Benoni defense"]
[ECO "A56"]
[Time "12:04:41"]
[TimeControl "2700+45"]

1. d4 Nf6 2. c4 c5 3. e3 cxd4 4. exd4 d6 5. Nf3 g6 6. Bd3 Bg7 7. Nc3 O-O 8. O-O
Bd7 9. Bg5 Nc6 10. h3 Rc8 11. Qd2 Re8 12. Bh6 Bh8 13. Ne4 Nxe4 14. Bxe4 Qb6 15.
c5 dxc5 16. dxc5 Qc7 17. Rad1 Red8 18. Qc2 Nb4 19. Qb3 Bc6 20. Ng5 Qf4 21. Qxb4
Bxe4 22. Rxd8+ Rxd8 23. Qxe4 Qxe4 24. Nxe4 Bxb2 25. Rb1 Ba3 26. Rxb7 f5 27. Rxa7
Rd3 28. Ng5 {Black resigns} 1-0

[Event "Team 45 45 League T37"]
[Site "Internet Chess Club"]
[Date "2008.04.29"]
[Round "1"]
[White "jazzyrick"]
[Black "rojito"]
[Result "1-0"]
[WhiteElo "1546"]
[BlackElo "1672"]
[Opening "Sicilian: Kan, 5.Bd3"]
[ECO "B42"]
[Time "17:00:19"]
[TimeControl "2700+45"]

1. e4 c5 2. Nf3 e6 3. d4 cxd4 4. Nxd4 a6 5. Bd3 Nc6 6. Nf3 d6 7. c4 Nf6 8. Nc3
Be7 9. O-O O-O 10. Qe2 b6 11. Rd1 Qc7 12. h3 Bb7 13. Bg5 h6 14. Bh4 Rfd8 15. Bg3
Nh5 16. Bh2 Rac8 17. Rac1 Nf6 18. b3 Nd7 19. Qe3 Bf6 20. Na4 Nc5 21. Nc3 Nb4 22.
Bb1 Nc6 23. Rd2 Rd7 24. Rcd1 Rcd8 25. Bf4 Ne7 26. e5 dxe5 27. Rxd7 Rxd7 28. Nxe5
Bxe5 29. Bxe5 Qc6 30. f3 f6 31. Bg3 Rxd1+ 32. Nxd1 Qd7 33. Nc3 Nc6 34. Bf2 e5
35. Nd5 Qd8 36. Nxb6 Qxb6 37. Qxc5 Qxc5 38. Bxc5 Kf7 39. Be4 Na5 40. Bxb7 Nxb7
41. Ba3 Ke6 42. Kf2 g6 43. Ke3 h5 44. f4 f5 45. fxe5 Kxe5 46. Bb2+ Ke6 47. Kf4
Nd6 48. a4 Ne4 49. h4 Nc5 50. b4 Nxa4 51. Bd4 Kf7 52. Ke5 Ke7 53. Kd5 Kd7 54. c5
Kc7 55. Be5+ Kd7 56. c6+ Kc8 57. Bd4 Kc7 58. Be5+ Kc8 59. Ke6 Nb6 60. Bd4 Nc4
61. Kd5 Nd2 62. Kc5 Ne4+ 63. Kb6 Nd6 64. Kxa6 Kc7 65. b5 Nc8 66. Be5+ Kd8 67.
Kb7 Ne7 68. Bf6 {Black resigns} 1-0

[Event "Team 45 45 League T37"]
[Site "Internet Chess Club"]
[Date "2008.04.25"]
[Round "1"]
[White "Gil-galad"]
[Black "XelNaga"]
[Result "1/2-1/2"]
[WhiteElo "2073"]
[BlackElo "2244"]
[Opening "Benkö gambit accepted"]
[ECO "A58"]
[Time "15:02:16"]
[TimeControl "2700+45"]

1. d4 Nf6 2. c4 c5 3. d5 b5 4. cxb5 a6 5. bxa6 Bxa6 6. Nc3 g6 7. g3 d6 8. Bg2
Bg7 9. Nf3 O-O 10. O-O Nbd7 11. Qc2 Qa5 12. Rd1 Rfb8 13. Rb1 Ne8 14. Bd2 Nb6 15.
b3 Bc8 16. a4 Bf5 17. e4 Bxc3 18. Bxc3 Bxe4 19. Qxe4 Qxc3 20. Qxe7 Qf6 21. Qxf6
Nxf6 22. Ne1 c4 23. bxc4 Nxa4 24. Rxb8+ Rxb8 25. Nd3 Rc8 26. Rc1 Nb6 27. c5 dxc5
{Game drawn by mutual agreement} 1/2-1/2

[Event "Team 45 45 League T37"]
[Site "Internet Chess Club"]
[Date "2008.04.25"]
[Round "1"]
[White "cappelo-upgrate"]
[Black "The7thGuest"]
[Result "1-0"]
[WhiteElo "2142"]
[BlackElo "1986"]
[Opening "Benkö gambit"]
[ECO "A57"]
[Time "13:50:39"]
[TimeControl "2700+45"]

1. d4 Nf6 2. c4 c5 3. d5 b5 4. Nf3 g6 5. Nbd2 Bg7 6. e4 d6 7. cxb5 a6 8. bxa6
O-O 9. Bc4 Bxa6 10. Qb3 Bxc4 11. Qxc4 Nbd7 12. O-O Ng4 13. Qe2 Nb6 14. Nb3 e6
15. dxe6 fxe6 16. Ng5 h5 17. Nxe6 Qh4 18. h3 Be5 19. Nxf8 Rxf8 20. f4 Bd4+ 21.
Nxd4 cxd4 22. hxg4 hxg4 23. Rd1 g3 24. Qf3 Rc8 25. Rxd4 Rc2 26. Qb3+ d5 27. Qxc2
Qh2+ 28. Kf1 Qh1+ 29. Ke2 Qxg2+ 30. Kd3 Qf1+ 31. Kc3 g2 32. Be3 Nc4 33. Rxf1
gxf1=Q 34. exd5 Nxe3 35. Qxg6+ Kh8 36. Qe8+ {Black resigns} 1-0

[Event "Team 45 45 League T37"]
[Site "Internet Chess Club"]
[Date "2008.04.27"]
[Round "1"]
[White "baumhauer"]
[Black "JoshuaFranzj"]
[Result "0-1"]
[WhiteElo "1951"]
[BlackElo "1885"]
[Opening "Réti opening"]
[ECO "A09"]
[Time "09:04:25"]
[TimeControl "2700+45"]

1. Nf3 d5 2. c4 Nf6 3. cxd5 Qxd5 4. Nc3 Qd8 5. d4 e6 6. g3 Bb4 7. Bg2 O-O 8. a3
Bxc3+ 9. bxc3 Nc6 10. O-O Bd7 11. Qc2 Re8 12. Rd1 Qe7 13. a4 a5 14. Ba3 Qd8 15.
Rab1 Qc8 16. e4 e5 17. Nxe5 Nxe5 18. dxe5 Rxe5 19. f4 Re8 20. e5 Bf5 21. Qb2
Bxb1 22. Rxb1 Nd7 23. Bxb7 Qb8 24. Bxa8 Qa7+ 25. Kg2 Qxa8+ 26. Qb7 Nb6 27. Qxa8
Rxa8 28. c4 Nxc4 29. Bc5 h6 30. Rb7 c6 31. Kf3 Nd2+ 32. Ke2 Ne4 33. Bd4 c5 34.
Bb2 c4 35. Rc7 Rd8 36. Ke3 Nd2 37. Rc5 Rd3+ 38. Ke2 Nb3 39. Rc8+ Kh7 40. Ke1 Rd2
41. Bc3 Rxh2 42. Rxc4 Rg2 43. Re4 Rxg3 44. Bd2 Rg1+ 45. Kf2 Nxd2 46. Re2 Rf1+
47. Kg2 Rxf4 48. Rxd2 Rxa4 49. Kf3 Rb4 50. Rd7 Rb5 51. Ke4 Rb4+ 52. Kf5 g6+ 53.
Kf6 Rf4+ 54. Ke7 h5 55. Kf8 Kh6 56. Rxf7 Re4 57. Re7 h4 58. Kf7 h3 59. Kf6 Rf4+
60. Ke6 h2 61. Re8 Kg7 62. Re7+ Kg8 {White resigns} 0-1

[Event "Team 45 45 League T37"]
[Site "Internet Chess Club"]
[Date "2008.04.27"]
[Round "1"]
[White "frothyjowels"]
[Black "LoseOften"]
[Result "1-0"]
[WhiteElo "2140"]
[BlackElo "1859"]
[Opening "Sicilian defense"]
[ECO "B20"]
[Time "14:33:07"]
[TimeControl "2700+45"]

1. e4 c5 2. d3 Nc6 3. Nf3 g6 4. g3 Bg7 5. Bg2 d6 6. O-O e6 7. Nbd2 Nge7 8. c3
O-O 9. Re1 Rb8 10. a4 a6 11. Nf1 b5 12. axb5 axb5 13. Ne3 b4 14. d4 bxc3 15.
bxc3 cxd4 16. cxd4 Qb6 17. Nc4 Qb4 18. Ra4 Qb3 19. Qxb3 Rxb3 20. Nxd6 Bd7 21.
Bg5 f6 22. Be3 Rfb8 23. h3 f5 24. Nd2 Nxd4 25. Nxb3 Nc2 26. Ra7 Nxe1 27. Rxd7
Rxb3 28. Rd8+ Bf8 29. Bh6 {Black resigns} 1-0

[Event "Team 45 45 League T37"]
[Site "Internet Chess Club"]
[Date "2008.04.28"]
[Round "1"]
[White "pollock"]
[Black "alegro"]
[Result "1-0"]
[WhiteElo "2108"]
[BlackElo "2063"]
[Opening "Queen's pawn"]
[ECO "A40"]
[Time "10:44:12"]
[TimeControl "2700+45"]

1. d4 e6 2. c4 Be7 3. e4 d5 4. cxd5 exd5 5. e5 c5 6. Nc3 Nc6 7. Be3 cxd4 8. Bxd4
Nh6 9. Nf3 Nf5 10. Be2 Nfxd4 11. Nxd4 O-O 12. Nxc6 bxc6 13. O-O Rb8 14. Qc2 Qc7
15. Nxd5 Qxe5 16. Nxe7+ Qxe7 17. Rfe1 Qf6 18. b3 Bf5 19. Qc5 Rb6 20. Bc4 Be4 21.
Rad1 Qg6 22. f3 Bd5 23. Bxd5 cxd5 24. Rxd5 Re6 25. Rxe6 Qxe6 26. Re5 Qa6 27. a4
Rd8 28. Qb5 Qc8 29. Qc4 Qd7 30. h3 h6 31. a5 Qd1+ 32. Kh2 Rb8 33. Qc7 Qxb3 34.
Qxa7 Qb4 35. Rf5 Rb7 36. Qa8+ Kh7 37. Qe8 Ra7 38. Qe4 Qd6+ 39. f4 g6 40. Rd5 Qc7
41. Qe5 Qxe5 42. fxe5 Kg7 43. Kg3 Kf8 44. Kf4 Ke7 45. g4 Ra6 46. h4 Ra7 47. Ke4
Ra6 48. Kd4 f6 49. Kc4 fxe5 50. Rxe5+ Kd6 51. Rb5 Kc6 52. Rc5+ Kd6 53. g5 h5 54.
Kb4 Ra7 55. Rb5 Rf7 56. a6 Kc6 57. Ra5 Ra7 58. Kc4 Kb6 59. Ra3 Kc6 60. Ra2 Kb6
61. Kd5 {Black resigns} 1-0

[Event "Team 45 45 League T37"]
[Site "Internet Chess Club"]
[Date "2008.04.25"]
[Round "1"]
[White "RedAttack"]
[Black "Raisingthebar"]
[Result "1-0"]
[WhiteElo "2022"]
[BlackElo "1946"]
[Opening "Vienna game, Max Lange defense"]
[ECO "C25"]
[Time "18:00:14"]
[TimeControl "2700+45"]

1. e4 e5 2. Nc3 Nc6 3. d3 Bc5 4. Nf3 d6 5. Be2 Nf6 6. Bg5 Be6 7. Na4 Bb6 8. Nxb6
axb6 9. a3 h6 10. Bh4 g5 11. Bg3 Qe7 12. d4 g4 13. d5 gxf3 14. Bxf3 Nd4 15. dxe6
Qxe6 16. c3 Nb3 17. Rb1 Qc4 18. Qe2 Ra4 19. Qxc4 Rxc4 20. Be2 Rc6 21. Bb5 Nxe4
22. Bxc6+ bxc6 23. Rd1 Nec5 24. O-O f5 25. f3 Na4 26. Rf2 Ke7 27. Re1 Nac5 28.
Rfe2 Kd7 29. Bf2 Nd3 30. Rd1 Nxf2 31. Kxf2 Rg8 32. Rxe5 Rf8 33. Re2 d5 34. Rde1
Nc5 35. Re7+ Kd6 36. Kg1 Rf6 37. Rh7 Ne6 38. b4 c5 39. Rh8 cxb4 40. axb4 c5 41.
Rb8 Kc7 42. Re8 Kd7 43. Ra8 cxb4 44. cxb4 Kc6 45. Re8 Kd7 46. Rb8 Kc7 47. Ra8 d4
48. Rc1+ Kd7 49. Ra7+ Kd6 50. Rb7 d3 51. Rxb6+ Kd5 52. Rd1 Kc4 53. Kf2 Rg6 54.
g3 Nf4 55. Rxg6 Nxg6 56. b5 Ne5 57. b6 {Black resigns} 1-0

[Event "Team 45 45 League T37"]
[Site "Internet Chess Club"]
[Date "2008.04.25"]
[Round "1"]
[White "EtchenBABABA"]
[Black "cesaralexander"]
[Result "0-1"]
[WhiteElo "1974"]
[BlackElo "2035"]
[Opening "French: Winawer, advance, poisoned pawn, Konstantinopolsky variation"]
[ECO "C18"]
[Time "17:04:42"]
[TimeControl "2700+45"]

1. e4 e6 2. d4 d5 3. Nc3 Bb4 4. e5 c5 5. a3 Bxc3+ 6. bxc3 Ne7 7. Qg4 Qc7 8. Qxg7
Rg8 9. Qxh7 cxd4 10. Ne2 dxc3 11. f4 Nbc6 12. Qd3 Bd7 13. Nxc3 a6 14. Rb1 Na5
15. h4 Nf5 16. Rh3 Nc4 17. h5 O-O-O 18. h6 Rg6 19. h7 Rh8 20. g3 Rg7 21. Be2
Rgxh7 22. Rxh7 Rxh7 23. Bf3 Qc5 24. Ne2 Rh2 25. Bd2 Bb5 26. Qc3 Qf2+ 27. Kd1
Nxg3 28. Nxg3 Qg1+ 29. Be1 Rd2+ 30. Qxd2 Nxd2 31. Kxd2 Qd4+ 32. Kc1 Qxf4+ 33.
Bd2 Qxf3 34. Rb3 Qg2 35. Rc3+ Kd7 36. Be1 Qg1 37. Kd1 Qd4+ 38. Bd2 Qxe5 39. Rf3
f5 {White resigns} 0-1

[Event "Team 45 45 League T37"]
[Site "Internet Chess Club"]
[Date "2008.04.28"]
[Round "1"]
[White "frank001"]
[Black "vvsi"]
[Result "1/2-1/2"]
[WhiteElo "1760"]
[BlackElo "1789"]
[Opening "Caro-Kann: exchange, Rubinstein variation"]
[ECO "B13"]
[Time "23:36:01"]
[TimeControl "2700+45"]

1. e4 c6 2. d4 d5 3. exd5 cxd5 4. Bd3 Nc6 5. c3 Nf6 6. Bf4 Qb6 7. Qb3 Qxb3 8.
axb3 Bg4 9. Nd2 e6 10. h3 Bh5 11. Ngf3 Be7 12. O-O O-O 13. Rfe1 a6 14. b4 Bg6
15. Bf1 Ne4 16. Nxe4 Bxe4 17. Nd2 Bg6 18. Nb3 Rfc8 19. Nc5 Bxc5 20. bxc5 a5 21.
Ra3 Bc2 22. Rc1 Bg6 23. Bb5 h6 24. Rca1 Bc2 25. Bxc6 Rxc6 26. Rxa5 Rca6 27. Rxa6
Rxa6 28. Rxa6 bxa6 {Game drawn by mutual agreement} 1/2-1/2

[Event "Team 45 45 League T37"]
[Site "Internet Chess Club"]
[Date "2008.04.27"]
[Round "1"]
[White "Zornorph"]
[Black "blackcatdillac"]
[Result "1-0"]
[WhiteElo "2067"]
[BlackElo "1829"]
[Opening "English, Kramnik-Shirov counterattack"]
[ECO "A21"]
[Time "12:12:44"]
[TimeControl "2700+45"]

1. c4 e5 2. Nc3 Bb4 3. Nd5 Bd6 4. d3 c6 5. Nc3 Ne7 6. Bg5 h6 7. Bd2 f5 8. e3 O-O
9. Nge2 Bb4 10. a3 Bxc3 11. Bxc3 d6 12. d4 Qc7 13. b4 Be6 14. dxe5 dxe5 15. c5
Nd7 16. Bb2 Rad8 17. Qc2 Nd5 18. Nc3 Rde8 19. Be2 N7f6 20. O-O f4 21. e4 Nxc3
22. Bxc3 Bg4 23. f3 Bc8 24. Qb2 Kh7 25. Rad1 g5 26. Rd6 Qe7 27. Bc4 g4 28. Kh1
Nh5 29. fxg4 Bxg4 30. Be2 Rg8 31. Bxg4 Rxg4 32. Rfd1 Qg5 33. Rd7+ Kh8 34. Rf7
Ng3+ 35. Kg1 Nxe4 36. Be1 Nf6 37. h3 Qg6 38. Rxf6 Rxg2+ 39. Qxg2 Qxf6 40. Rd6
Qg5 41. Bc3 Re7 42. Qxg5 hxg5 43. Rg6 Kh7 44. Rxg5 e4 45. Kf2 Kh6 46. Re5 e3+
47. Kf3 Rf7 48. Re4 Rd7 49. Kxf4 e2 50. Rxe2 Rf7+ 51. Kg4 Rd7 52. Re6+ Kh7 53.
Re3 Kg6 54. h4 Kf7 55. h5 Rd5 56. Rf3+ Kg8 57. h6 Kh7 58. Bg7 Kg6 59. Rf6+ Kh7
60. Rd6 {Black resigns} 1-0

[Event "Team 45 45 League T37"]
[Site "Internet Chess Club"]
[Date "2008.04.29"]
[Round "1"]
[White "Nosferatu1"]
[Black "kabindra"]
[Result "1/2-1/2"]
[WhiteElo "1835"]
[BlackElo "1886"]
[Opening "QGD"]
[ECO "D30"]
[Time "17:43:09"]
[TimeControl "2700+45"]

1. d4 d5 2. c4 e6 3. Nf3 Nf6 4. Bg5 Be7 5. e3 O-O 6. Bd3 b6 7. cxd5 Nxd5 8. Bxe7
Qxe7 9. O-O Ba6 10. a3 Bxd3 11. Qxd3 h6 12. Nc3 Nd7 13. Rfc1 Rfc8 14. e4 Nf4 15.
Qe3 Ng6 16. b4 c5 17. bxc5 bxc5 18. d5 exd5 19. Nxd5 Qd6 20. Rd1 Nde5 21. Nxe5
Nxe5 22. Rab1 Qe6 23. f4 {Game drawn by mutual agreement} 1/2-1/2